 Dungeon Crawl Stone Soup version 0.31-a0-844-gdc52ec4e09 (webtiles) character file.

Game seed: 1004181887822778151

17644 IdlyInterested the Fighter (level 12, -15/107 HPs)
             Began as a Demonspawn Gladiator on Sept 28, 2023.
             Demolished by a skeletal warrior
             ... wielding a +0 war axe
              (25 damage)
             ... on level 13 of the Dungeon.
             The game lasted 00:42:15 (13504 turns).

IdlyInterested the Fighter (Demonspawn Gladiator)  Turns: 13504, Time: 00:42:17

Health: -15/107    AC: 13    Str: 21    XL:     12   Next: 20%
Magic:  12/12      EV: 14    Int: 10    God:
Gold:   368        SH: 19    Dex: 19    Spells: 11/11 levels left

rFire   . . .        I - +0 scimitar
rCold   + . .        e - +2 kite shield
rNeg    . . .        b - +3 chain mail {rC+}
rPois   .            (helmet unavailable)
rElec   .            M - scarf {+Inv}
rCorr   .            f - +0 pair of gloves
SInv    .            (no boots)
Will    .....        T - amulet of magic regeneration Stlth
                     g - +6 ring of strength
HPRegen 0.37/turn    P - +5 ring of evasion
MPRegen 0.53/turn

%: no passive effects
@: no status effects
A: horns 3, large bone plates 2, spiny 2
a: Evoke Invisibility


You were on level 13 of the Dungeon.
You visited 2 branches of the dungeon, and saw 14 of its levels.

You collected 859 gold pieces.
You spent 491 gold pieces at shops.

Inventory:

Hand Weapons
 I - a +0 scimitar (weapon)
 L - the +7 dagger "Beastbane" {elec, Int+3 Dex+4}
   (You bought it in a shop on level 1 of the Dungeon)

   Int+3:     It affects your intelligence (+3).
   Dex+4:     It affects your dexterity (+4).
 X - the +0 short sword of the Summoning Vulture {antimagic, rElec Int+3 Stlth-}
   (You took it off a centaur on level 11 of the Dungeon)

   Int+3:     It affects your intelligence (+3).
   rElec:     It insulates you from electricity.
   Stlth-:    It makes you less stealthy.
Missiles
 a - 18 boomerangs
 d - 9 throwing nets
 h - 84 stones (quivered)
 m - 4 curare-tipped darts
 D - 3 atropa-tipped darts
 Q - 5 javelins
 U - 6 poisoned darts
Armour
 b - a +3 chain mail of cold resistance (worn)
 e - a +2 kite shield (worn)
 f - a +0 pair of gloves (worn)
 C - +0 acid dragon scales
 H - a +2 scale mail of fire resistance
 K - the +5 robe of Night {Dark Will+ SInv}
   (You found it on level 9 of the Dungeon)

   Dark:      It shrouds the wearer in darkness, reducing the range at which
   they can see and be seen by others.
   Will+:     It increases your willpower.
   SInv:      It lets you see invisible.
 M - a scarf of invisibility (worn)
Magical Staves
 w - a staff of fire
Jewellery
 g - a +6 ring of strength (left hand)
 o - a +6 ring of intelligence
 x - a ring of protection from fire
 P - a +5 ring of evasion (right hand)
 S - a ring of flight
 T - an amulet of magic regeneration (around neck)
Wands
 q - a wand of roots (20)
 u - a wand of digging (7)
 z - a wand of charming (14)
 B - a wand of flame (14)
 R - a wand of acid (8)
Scrolls
 c - 2 scrolls of noise {unknown}
 i - a scroll of amnesia
 l - 5 scrolls of teleportation
 n - 3 scrolls of fear {unknown}
 p - 2 scrolls of poison {unknown}
 r - a scroll of vulnerability {unknown}
 s - a scroll of silence {unknown}
 t - a scroll of revelation
 y - 5 scrolls of fog {unknown}
 A - 2 scrolls of blinking {unknown}
 F - a scroll of enchant armour {unknown}
 N - 3 scrolls of enchant weapon {unknown}
 O - 4 scrolls of immolation {unknown}
Potions
 j - 3 potions of brilliance
 k - a potion of lignification
 E - 3 potions of curing
 G - a potion of ambrosia
 J - a potion of resistance {unknown}
 V - a potion of mutation {unknown}
 W - a potion of attraction {unknown}
Miscellaneous
 v - a phial of floods


   Skills:
 + Level 14.1 Fighting
 * Level 10.3 Long Blades
 - Level 2.0 Throwing
 - Level 4.0 Armour
 - Level 4.0 Dodging
 - Level 2.0 Stealth
 + Level 6.6 Shields
 - Level 1.0 Fire Magic
 - Level 2.0 Evocations


You had 11 spell levels left.
You didn't know any spells.
Your spell library contained the following spells:

 Spells                   Type           Power      Damage    Failure   Level
 Necrotise                Necr           0%         1d4       99%         1
 Summon Small Mammal      Summ           0%         N/A       99%         1
 Poisonous Vapours        Pois/Air       0%         N/A       100%        2
 Call Canine Familiar     Summ           0%         N/A       100%        3
 Mephitic Cloud           Conj/Pois/Air  0%         N/A       100%        3
 Summon Guardian Golem    Hex/Summ       0%         N/A       100%        3
 Vampiric Draining        Necr           0%         2d6       100%        3
 Agony                    Necr           0%         N/A       100%        5
 Freezing Cloud           Conj/Ice/Air   0%         6-21      100%        5


Dungeon Overview and Level Annotations

Branches:
Dungeon (13/15)            Temple (1/1) D:5            Lair (0/5) D:9
    Orc (0/2) D:10
 Vaults: D:13-14

Altars:
Ashenzari
Cheibriados
Dithmenos
Fedhas
Gozag
Hepliaklqana
Kikubaaqudgha
Makhleb
Nemelex Xobeh
Okawaru
Qazlal
Ru
Sif Muna
Trog
Uskayaw
Vehumet
Wu Jian
Xom
Yredelemnul

Shops:
D:1 *


Innate Abilities, Weirdness & Mutations

You have a pair of large horns on your head.
You are mostly covered in large bone plates. (SH +6)
You are mostly covered in sharp spines.


Message History

You barely miss the skeletal warrior.
The skeletal warrior is heavily damaged.
The skeletal warrior hits you with a +0 war axe.
The skeletal warrior hits you with a +0 scimitar!
You barely miss the skeletal warrior.
The skeletal warrior is heavily damaged.
You block the skeletal warrior's attack.
The skeletal warrior misses you.
You hit the skeletal warrior. You headbutt the skeletal warrior!
The skeletal warrior is severely damaged.
You block the skeletal warrior's attack. x2
You barely miss the skeletal warrior.
You headbutt the skeletal warrior, but do no damage.
The skeletal warrior is severely damaged.
You block the skeletal warrior's attack. x2
You closely miss the skeletal warrior.
Your headbutt misses the skeletal warrior.
The skeletal warrior is severely damaged.
The skeletal warrior is struck by your spines.
The skeletal warrior hits you with a +0 war axe.
You block the skeletal warrior's attack.
You hit the skeletal warrior but do no damage.
You headbutt the skeletal warrior!
The skeletal warrior is almost destroyed.
The skeletal warrior hits you with a +0 scimitar.
* * * LOW HITPOINT WARNING * * *
You block the skeletal warrior's attack.
You hit the skeletal warrior but do no damage.
You headbutt the skeletal warrior, but do no damage.
The skeletal warrior is almost destroyed.
You block the skeletal warrior's attack.
The skeletal warrior barely misses you.
You barely miss the skeletal warrior.
You headbutt the skeletal warrior, but do no damage.
The skeletal warrior is almost destroyed.
The skeletal warrior hits you with a +0 scimitar!!
* * * LOW HITPOINT WARNING * * *
The skeletal warrior is struck by your spines.
The skeletal warrior hits you with a +0 war axe!!
You die...

...# #..# ...# #..# ...#
###..# ...# #....# ...#
#....#
...########....#########
#######
........................
#.....#
........................
#.....#
.....###########@.......
#.....+ .....#
......zz....... #..<..#
.....# ......#........
###+### .....#
......#........
.....######### #........
.......... .........
.......... ...######
.......... ...#
.........#


You could see 2 skeletal warriors.

Vanquished Creatures
  6 two-headed ogres
  A skeletal warrior (D:13)
  An obsidian statue (D:10)
  An orc knight (D:10)
  An ugly thing (D:13)
  5 cyclopes
  Joseph (D:8)
  A smoke demon (D:10)
  3 unseen horrors
  2 komodo dragons
  2 trolls
  3 red devils (D:10)
  3 dream sheep (D:9)
  A wraith (D:11)
  9 yaks
  2 shadows (D:9)
  A vampire (D:11)
  5 steam dragons
  2 vampire mosquitoes (D:12)
  3 wyverns
  An acid dragon (D:9)
  3 water moccasins
  6 orc warriors
  A sky beast (D:7)
  An ice beast (D:7)
  A black bear (D:7)
  An ogre (D:7)
  2 phantoms
  3 centaurs
  3 gnoll sergeants
  4 bullfrogs
  7 scorpions
  5 wights (D:9)
  A howler monkey (D:7)
  A lava snake (D:10)
  2 jellies
  3 orc priests
  A hound (D:6)
  3 iguanas
  A sleepcap (D:6)
  Ijyb (D:3)
  6 orc wizards
  Terence (D:2)
  A mummy (D:8)
  14 gnolls
  6 adders
  2 white imps
  3 worms
  3 dart slugs
  50 orcs
  2 bats
  2 endoplasms
  4 giant cockroaches
  5 goblins
  6 hobgoblins
  3 jackals (D:1)
  3 quokkas
  3 ball pythons
  5 frilled lizards
  A hobgoblin zombie (D:8)
  7 kobolds
  A kobold zombie (D:8)
  2 orc zombies (D:8)
  7 rats
241 creatures vanquished.

Vanquished Creatures (collateral kills)
  3 gnolls (D:5)
3 creatures vanquished.

Vanquished Creatures (others)
  A rust devil (D:10)
1 creature vanquished.

Grand Total: 245 creatures vanquished

Notes
Turn   | Place    | Note
-------+----------+-------------------------------------------
     0 | D:1      | IdlyInterested the Demonspawn Gladiator began the quest for
                  | the Orb.
     0 | D:1      | Reached XP level 1. HP: 16/16 MP: 1/1
   202 | D:1      | Found Xaubapta's Assorted Antiques.
   284 | D:1      | Gained mutation: You have a pair of small horns on your
                  | head. [demonic ancestry]
   284 | D:1      | Reached XP level 2. HP: 23/23 MP: 2/2
   338 | D:1      | Reached skill level 1 in Evocations
   691 | D:1      | Bought a scroll labelled SUHEDY IXZEOSK for 33 gold pieces
   824 | D:2      | Gained mutation: You have a pair of horns on your head.
                  | [demonic ancestry]
   824 | D:2      | Reached XP level 3. HP: 28/28 MP: 3/3
   878 | D:2      | Reached skill level 3 in Fighting
   891 | D:2      | Noticed Terence
   902 | D:2      | Killed Terence
  1037 | D:2      | Reached skill level 1 in Armour
  1037 | D:2      | Gained mutation: You have a pair of large horns on your
                  | head. [demonic ancestry]
  1037 | D:2      | Reached XP level 4. HP: 33/35 MP: 4/4
  1825 | D:1      | Bought a scroll labelled DILOJAI LUSHY for 33 gold pieces
  1919 | D:3      | Noticed Ijyb
  1933 | D:3      | Killed Ijyb
  2088 | D:3      | Reached skill level 4 in Fighting
  2088 | D:3      | Reached XP level 5. HP: 42/42 MP: 5/5
  2090 | D:3      | Reached skill level 1 in Shields
  2284 | D:1      | Bought a bubbling black potion for 29 gold pieces
  2369 | D:3      | Identified the +1 sling "Alyar" {antimagic, Str+2}
  2966 | D:4      | Reached skill level 1 in Stealth
  2966 | D:4      | Gained mutation: You are partially covered in sharp spines.
                  | [demonic ancestry]
  2966 | D:4      | Reached XP level 6. HP: 44/49 MP: 6/6
  3206 | D:4      | Reached skill level 5 in Fighting
  3615 | D:4      | Gained mutation: You are partially covered in large bone
                  | plates. (SH +4) [demonic ancestry]
  3615 | D:4      | Reached XP level 7. HP: 53/56 MP: 7/7
  3952 | D:5      | Entered Level 5 of the Dungeon
  4066 | D:5      | Found a staircase to the Ecumenical Temple.
  4137 | D:5      | Reached skill level 6 in Fighting
  4394 | Temple   | Entered the Ecumenical Temple
  4652 | D:5      | Reached skill level 5 in Long Blades
  5031 | D:6      | Reached skill level 7 in Fighting
  5031 | D:6      | Reached XP level 8. HP: 17/67 MP: 8/8
  5299 | D:6      | Identified the +8 sling of Buraov {elec, Will+}
  5574 | D:6      | Found an ancient bone altar of Kikubaaqudgha.
  5577 | D:6      | Found a sparkling altar of Nemelex Xobeh.
  5757 | D:7      | Reached skill level 8 in Fighting
  6085 | D:7      | Gained mutation: You are mostly covered in sharp spines.
                  | [demonic ancestry]
  6085 | D:7      | Reached XP level 9. HP: 68/75 MP: 9/9
  6168 | D:7      | Reached skill level 9 in Fighting
  6716 | D:1      | Bought a masterwork dagger for 231 gold pieces
  6716 | D:1      | Identified the +7 dagger "Beastbane" {elec, Int+3 Dex+4}
                  | (You bought it in a shop on level 1 of the Dungeon)
  7190 | D:8      | Noticed a two-headed ogre
  7204 | D:8      | Killed a two-headed ogre
  7205 | D:8      | Reached skill level 10 in Fighting
  7600 | D:8      | Reached XP level 10. HP: 86/86 MP: 10/10
  7883 | D:8      | Noticed Joseph
  7897 | D:8      | Killed Joseph
  8163 | D:9      | Found a staircase to the Lair.
  8176 | D:9      | Noticed a two-headed ogre
  8182 | D:9      | Killed a two-headed ogre
  8183 | D:9      | Reached skill level 11 in Fighting
  8183 | D:9      | Reached skill level 5 in Shields
  8210 | D:9      | Found a basalt altar of Yredelemnul.
  8740 | D:9      | Found the +5 robe of Night {Dark Will+ SInv}
  8867 | D:9      | Reached skill level 12 in Fighting
  9069 | D:9      | Noticed a two-headed ogre
  9077 | D:9      | Killed a two-headed ogre
  9293 | D:10     | Entered Level 10 of the Dungeon
  9345 | D:10     | Noticed an obsidian statue
  9402 | D:10     | Noticed a two-headed ogre
  9415 | D:10     | Killed a two-headed ogre
  9416 | D:10     | Gained mutation: You are mostly covered in large bone
                  | plates. (SH +6) [demonic ancestry]
  9416 | D:10     | Reached XP level 11. HP: 91/96 MP: 11/11
  9450 | D:10     | Noticed a soul eater
  9460 | D:10     | Killed an obsidian statue
 10079 | D:10     | Found a staircase to the Orcish Mines.
 10079 | D:10     | Noticed an orc knight
 10113 | D:10     | Killed an orc knight
 10114 | D:10     | Reached skill level 13 in Fighting
 10780 | D:1      | Bought a triangular bone amulet for 165 gold pieces
 11892 | D:11     | Identified the +0 short sword of the Summoning Vulture
                  | {antimagic, rElec Int+3 Stlth-}
 11900 | D:11     | Reached skill level 1 in Fire Magic
 12196 | D:12     | Noticed a two-headed ogre
 12209 | D:12     | Killed a two-headed ogre
 12272 | D:12     | Noticed a two-headed ogre
 12288 | D:12     | Killed a two-headed ogre
 12289 | D:12     | Reached XP level 12. HP: 78/106 MP: 12/12
 12630 | D:12     | Reached skill level 10 in Long Blades
 12752 | D:12     | Reached skill level 14 in Fighting
 13504 | D:13     | Demolished by a skeletal warrior

Illustrated notes

Levels and vault maps discovered:
D:1:      dpeg_arrival_concentric_ovals, layout_basic, serial_shops, shop
D:2:      layout_basic, uniq_terence
D:3:      layout_basic, uniq_ijyb
D:4:      layout_basic, minmay_misc_feat_chi
D:5:      layout_basic, minmay_temple_entry_grid
D:6:      layout_rooms, grunt_temple_overflow_open, grunt_ministairs_12
D:7:      layout_basic, chequers_garden, serial_park_tiny_pond
D:8:      layout_basic, minmay_mini_ossuary, uniq_joseph
D:9:      layout_gridville, yredelemnul_altar_generic, david_lair_shrubbed,
          hellmonk_guarded_unrand_night
D:10:     layout_rooms, nicolae_tso_swordbearing_angel, david_orc_5,
          minivault_16, nicolae_where_there's_smoke
D:11:     layout_roguey
D:12:     layout_grid_maze
D:13:     doesnt_quadruple_sword, layout_irregular_city
Temple:   bh_familiar_temple

Skill      XL: |  1  2  3  4  5  6  7  8  9 10 11 12 |
---------------+-------------------------------------+-----
Evocations     | 1 2 |  2.0
Long Blades    | 3 4 5 6 7 8 9 10 | 10.3
Fighting       | 3 4 5 7 8 10 12 13 14 | 14.1
Armour         | 1 2 3 4 |  4.0
Shields        | 1 3 4 6 |  6.6
Stealth        | 1 2 |  2.0
Dodging        | 3 4 |  4.0
Throwing       | 2 |  2.0
Fire Magic     | 1 |  1.0

Action                     |  1- 3 |  4- 6 |  7- 9 | 10-12 || total
---------------------------+-------+-------+-------+-------++-------
  Melee: Long sword        |    71 |   134 |    47 |       ||   252
         Headbutt          |     8 |    27 |    37 |    98 ||   170
         Punch             |       |     1 |     1 |       ||     2
         Scimitar          |       |       |    58 |   160 ||   218
         Dagger            |       |       |    43 |   241 ||   284
  Throw: Stone             |     7 |       |     4 |    18 ||    29
         Throwing net      |     1 |       |     1 |       ||     2
         Javelin           |       |       |     2 |     1 ||     3
  Evoke: Wand              |       |       |     1 |     3 ||     4
    Use: Scroll            |       |     4 |     2 |     1 ||     7
         Potion            |       |       |     3 |     7 ||    10
   Stab: Held in net/web   |     1 |       |       |       ||     1
 Armour: Plate armour      |    71 |       |       |       ||    71
         Leather armour    |     4 |       |       |       ||     4
         Chain mail        |     2 |   111 |    95 |   208 ||   416
  Dodge: Dodged            |    38 |    62 |    55 |   132 ||   287
  Block: Other             |       |       |    22 |       ||    22
         Kite shield       |       |       |     9 |   409 ||   418

Table legend: (Time is in decaauts)
 A = Elapsed time spent in this place.
 B = Non-inter-level travel time spent in this place.
 C = Inter-level travel time spent in this place.
 D = Time resting spent in this place.
 E = Time spent auto-exploring this place.
 F = Levels seen in this place.
 G = Mean time per level.
                   A        B        C        D        E       F      G
               +--------+--------+--------+--------+--------+-----+--------+
         Total |  13537 |  10595 |   2942 |   2473 |   5337 |  14 |  966.9 |
       Dungeon |  13535 |  10593 |   2942 |   2473 |   5337 |  13 | 1041.2 |
        Temple |      1 |      1 |      0 |      0 |      0 |   1 |    1.0 |
               +--------+--------+--------+--------+--------+-----+--------+

Top non-repeatable levels by time:
     D:2: 1506 daAuts
    D:10: 1298 daAuts
     D:4: 1230 daAuts
     D:9: 1210 daAuts
    D:12: 1168 daAuts
     D:5: 1124 daAuts
    D:11: 1087 daAuts
     D:6: 1031 daAuts
     D:8: 1008 daAuts
     D:1: 951 daAuts
     D:3: 947 daAuts
     D:7: 824 daAuts
    D:13: 145 daAuts
  Temple: 1 daAuts
